 Dungeon Crawl Stone Soup version 0.23-a0-644-gb60d84b (webtiles) character file.

7737 MalarOregon the Spear-Bearer (level 11, -5/84 HPs)
             Began as a Merfolk Abyssal Knight on Jan 1, 2019.
             Was a High Priest of Lugonu.
             Slain by a flayed ghost (9 damage)
             ... on level 9 of the Dungeon.
             The game lasted 00:17:30 (7655 turns).

MalarOregon the Spear-Bearer (MfAK)                 Turns: 7655, Time: 00:17:31

Health: -5/84      AC: 11    Str: 18    XL:     11   Next: 19%
Magic:  17/17      EV: 19    Int: 15    God:    Lugonu [*****.]
Gold:   387        SH:  0    Dex:  9    Spells: 13/18 levels left

rFire    + + .     SeeInvis .   E - +3 spear (venom)
rCold    + . .     Gourm    .   (no shield)
rNeg     + + +     Faith    .   A - +1 ring mail "Bachugoc" {rPois rF++ rC+ MR+}
rPois    +         Spirit   .   t - +0 helmet
rElec    .         Reflect  .   G - +0 cloak of Purpose {rPois rN+++ Dex-5 Slay+5}
rCorr    .         Harm     .   d - +1 pair of gloves
MR       +....                  (no boots)
Stlth    ..........             (no amulet)
HPRegen  0.24/turn              s - +5 ring of evasion
MPRegen  0.15/turn              l - +6 ring of strength

@: flayed
A: change form in water, swift swim, stealthy swim
a: Depart the Abyss, Bend Space, Banish, Corrupt, Enter the Abyss, Renounce
Religion


You were on level 9 of the Dungeon.
You worshipped Lugonu.
Lugonu was extremely pleased with you.
You were hungry.

You visited 2 branches of the dungeon, and saw 11 of its levels.
You visited the Abyss 1 time.

You collected 558 gold pieces.
You spent 171 gold pieces at shops.

Inventory:

Hand Weapons
 E - a +3 spear of venom (weapon)
   (You took it off a gnoll sergeant on level 10 of the Dungeon)
Missiles
 c - 5 javelins of returning (quivered)
 D - 5 throwing nets {!f}
Armour
 d - a +1 pair of gloves (worn)
   (You found it on level 1 of the Dungeon)
 t - a +0 helmet (worn)
   (You found it on level 3 of the Dungeon)
 A - the +1 ring mail "Bachugoc" (worn) {rPois rF++ rC+ MR+}
   (You found it on level 5 of the Dungeon)

   It greatly protects you from fire.
   It protects you from cold.
   It protects you from poison.
   It affects your resistance to hostile enchantments.
 G - the +0 cloak of Purpose (worn) {rPois rN+++ Dex-5 Slay+5}
   (You bought it in a shop on level 5 of the Dungeon)

   It affects your dexterity (-5).
   It affects your accuracy and damage with ranged weapons and melee attacks
   (+5).
   It protects you from poison.
   It renders you almost immune to negative energy.
Jewellery
 a - an uncursed amulet of guardian spirit {unknown}
   (You found it on level 7 of the Dungeon)
 g - an uncursed ring of ice
   (You found it on level 1 of the Dungeon)
 i - an uncursed ring of protection from fire
   (You found it on level 3 of the Dungeon)
 j - an uncursed ring of positive energy
   (You found it on level 1 of the Dungeon)
 l - a +6 ring of strength (right hand)
   (You found it on level 5 of the Dungeon)
 s - a +5 ring of evasion (left hand)
   (You found it on level 4 of the Dungeon)
 z - an uncursed ring of see invisible
   (You found it on level 3 of the Dungeon)
Wands
 u - a wand of paralysis (5)
   (You found it on level 8 of the Dungeon)
 y - a wand of enslavement (13)
   (You found it on level 5 of the Dungeon)
Scrolls
 f - a scroll of blinking
 k - 3 scrolls of amnesia
 o - 2 scrolls of teleportation {@r4}
 q - a scroll of remove curse {@r2}
 r - a scroll of immolation {unknown}
 x - 2 scrolls of enchant armour
 H - a scroll of identify {@r1}
Potions
 b - a potion of might {unknown}
 h - a potion of berserk rage
 m - 3 potions of brilliance {unknown}
 n - 3 potions of degeneration {unknown}
 p - a potion of lignification {!q}
 v - a potion of ambrosia
 w - 2 potions of heal wounds {unknown}
 B - 2 potions of curing {@q1}
 C - 2 potions of agility
 F - a potion of resistance {unknown}
Comestibles
 e - 25 rations {!d}


   Skills:
 + Level 7.4 Fighting
 + Level 11.6 Polearms
 + Level 4.4 Armour
 + Level 8.2 Dodging
 - Level 4.0 Spellcasting
 - Level 4.0 Hexes
 + Level 5.0 Transmutations
 + Level 6.7 Invocations
 - Level 5.0 Evocations


You had 13 spell levels left.
You knew the following spells:

 Your Spells              Type           Power        Failure   Level  Hunger
a - Yara's Violent Unrav  Hex/Tmut       ###.......   78%         5    ######.

Your spell library contained the following spells:

 Spells                   Type           Power        Failure   Level  Hunger
 Confusing Touch          Hex            ###...       6%          1    None
 Confuse                  Hex            ###.....     17%         3    ###....
 Animate Skeleton         Necr           N/A          30%         1    None
 Apportation              Tloc           #.....       30%         1    None
 Freeze                   Ice            #...         30%         1    None
 Summon Small Mammal      Summ           #...         30%         1    None
 Throw Frost              Conj/Ice       #.....       41%         2    ##.....
 Gell's Gravitas          Tloc           #.........   65%         3    ###....
 Ozocubu's Armour         Chrm/Ice       #.......     65%         3    ###....
 Petrify                  Tmut/Erth      ##......     71%         4    ####...
 Summon Ice Beast         Ice/Summ       #.......     96%         4    ####...
 Throw Icicle             Conj/Ice       #.......     96%         4    ####...
 Metabolic Englaciation   Hex/Ice        #.........   98%         5    ######.


Dungeon Overview and Level Annotations

Branches:
Dungeon (10/15)            Temple (1/1) D:5            Lair (0/6) D:10
    Orc (0/2) D:10

Altars:
Ashenzari
Cheibriados
Dithmenos
Elyvilon
Fedhas
Gozag
Hepliaklqana
Kikubaaqudgha
Makhleb
Nemelex Xobeh
Okawaru
Qazlal
Ru
Sif Muna
Trog
Uskayaw
Vehumet
Wu Jian
Xom
Yredelemnul
Zin
The Shining One

Shops:
D:5 [


Message History

You closely miss the two-headed ogre.
The flayed ghost cries, "Suffer as I suffered!"
Terrible wounds open up all over your body!
* * * LOW HITPOINT WARNING * * *
The deep elf mage casts a spell.
Unknown command.
You barely miss the two-headed ogre.
The two-headed ogre hits you with a +0 giant spiked club.
* * * LOW HITPOINT WARNING * * *
The two-headed ogre hits you with a +0 giant spiked club.
* * * LOW HITPOINT WARNING * * *
You puncture the two-headed ogre!
You kill the two-headed ogre!
Lugonu accepts your kill.
Training target 4.0 for Hexes reached!
Your Dodging skill increases to level 8!
Your Hexes skill increases to level 4!
The flayed ghost cries, "Suffer as I suffered!"
The deep elf mage casts a spell at you. The bolt of magma hits you!
You partially resist.
* * * LOW HITPOINT WARNING * * *
Unknown command.
Things that are here:
a +0 giant spiked club x2; a two-headed ogre corpse Unknown command.
You hit the deep elf mage.
The deep elf mage is poisoned.
You puncture the deep elf mage!
The deep elf mage points at you and mumbles some strange words.
The stone arrow hits you!
* * * LOW HITPOINT WARNING * * *
Okay, then.
Unknown command.
Okay, then.
Unknown command.
You puncture the deep elf mage!
The deep elf mage looks as sick as possible!
You closely miss the deep elf mage. The deep elf mage barely misses you.
You hit the deep elf mage.
The deep elf mage gestures wildly while chanting.
You puncture the deep elf mage!
You kill the deep elf mage!
Lugonu accepts your kill.
The earth elemental disappears in a puff of smoke! x3
Your Transmutations skill increases to level 5!
Things that are here:
a +0 short sword; a +0 leather armour; an elf corpse You hit the flayed ghost but do no damage.
You hit the flayed ghost but do no damage.
The flayed ghost hits you!
You die...

#..#÷#.................
##.##.##..####...#######
#..#...#..# #...###
##.###.###.## #..... #..#
#.#.#..# #....## ###.##
#[#.##.###....# #######...#
#.#..#..##....# .........##
#.#)###.##....#
#######..#.#.#.#@#.#..#....#
...##......W§.##......#
..#########...#####...###
#...## #.####..###...### ..#
.#. #...####...### # #. #.
##...#####...# #.. || #
##...######.. .. .=#
######....))..## #. #|
##..##...######..


You could see a flayed ghost.

Vanquished Creatures
  Harold (D:7)
  3 two-headed ogres
  Pikel (D:5)
  A deep elf mage (D:9)
  An oklob plant (D:10)
  A troll (D:7)
  A vampire (D:10)
  Eustachio (D:5)
  A basilisk (D:10)
  Grum (D:8)
  A steam dragon (D:8)
  A water moccasin (D:9)
  3 ice beasts
  5 ogres
  2 sky beasts
  A centaur (D:7)
  4 wolves (D:8)
  A big kobold (D:7)
  A gnoll sergeant (D:10)
  A bullfrog (D:6)
  A scorpion (D:6)
  6 howler monkeys
  7 wights (D:8)
  A crimson imp (D:10)
  A bullfrog zombie (D:8)
  A quasit (D:8)
  2 hounds
  A centaur zombie (D:9)
  A jelly (D:6)
  2 bullfrog skeletons
  A centaur skeleton (D:9)
  A gnoll shaman (D:6)
  Crazy Yiuf (D:7)
  4 iguanas
  A worker ant (D:10)
  2 hound skeletons
  A howler monkey skeleton (D:7)
  13 gnolls
  5 adders
  2 shadow imps
  2 oozes
  2 adder skeletons
  4 worms
  3 dart slugs
  4 leopard geckos
  10 orcs
  4 ball pythons
  8 giant cockroaches
  4 goblins
  8 hobgoblins
  11 jackals
  3 quokkas
  11 bats
  4 frilled lizards
  14 kobolds
  2 leopard gecko skeletons
  7 rats
  A bush (D:7)
  A fungus (D:7)
189 creatures vanquished.

Vanquished Creatures (others)
  A centaur (D:5)
  A crimson imp (D:5)
  A jelly (D:5)
  A worker ant (D:5)
  2 orcs (D:5)
6 creatures vanquished.

Grand Total: 195 creatures vanquished

Notes
Turn   | Place    | Note
-------+----------+-------------------------------------------
     0 | Abyss:1  | MalarOregon the Merfolk Abyssal Knight began the quest for
                  | the Orb.
     0 | Abyss:1  | Reached XP level 1. HP: 18/18 MP: 2/2
    36 | D:1      | Escaped the Abyss
   120 | D:1      | Reached XP level 2. HP: 17/24 MP: 3/3
   504 | D:1      | Reached skill level 1 in Armour
   504 | D:1      | Reached XP level 3. HP: 29/29 MP: 4/4
   519 | D:1      | Reached ** piety under Lugonu
   802 | D:2      | Reached skill level 4 in Polearms
  1036 | D:2      | Reached XP level 4. HP: 34/37 MP: 5/5
  1383 | D:3      | Found a stormy altar of Qazlal.
  1439 | D:3      | Found a white marble altar of Elyvilon.
  1752 | D:3      | Reached XP level 5. HP: 7/42 MP: 7/7
  2123 | D:3      | Found a shimmering altar of Xom.
  2129 | D:3      | Reached *** piety under Lugonu
  2485 | D:4      | Got a distressingly furry leather armour
  2496 | D:4      | Identified the +2 leather armour "Vylum" {+Inv rN+ Int-4
                  | Dex+8} (You found it on level 4 of the Dungeon)
  2562 | D:4      | Reached skill level 5 in Polearms
  3303 | D:5      | Entered Level 5 of the Dungeon
  3306 | D:5      | Noticed Eustachio
  3348 | D:5      | Noticed an ogre
  3358 | D:5      | Killed Eustachio
  3358 | D:5      | Reached skill level 1 in Spellcasting
  3358 | D:5      | Reached XP level 6. HP: 34/49 MP: 8/8
  3368 | D:5      | Reached skill level 6 in Polearms
  3368 | D:5      | Reached skill level 1 in Evocations
  3368 | D:5      | Reached XP level 7. HP: 40/55 MP: 9/9
  3523 | D:5      | Noticed Pikel
  3574 | D:5      | Killed Pikel
  3574 | D:5      | Reached skill level 5 in Fighting
  3574 | D:5      | Reached skill level 7 in Polearms
  3574 | D:5      | Reached skill level 5 in Dodging
  3574 | D:5      | Reached XP level 8. HP: 47/62 MP: 9/11
  3595 | D:5      | Found Porch's Antique Armour Shoppe.
  3607 | D:5      | Bought a crude cloak for 171 gold pieces
  3617 | D:5      | Identified the +0 cloak of Purpose {rPois rN+++ Dex-5
                  | Slay+5} (You bought it in a shop on level 5 of the Dungeon)
  3668 | D:5      | Found a staircase to the Ecumenical Temple.
  3873 | D:5      | Found a snail-covered altar of Cheibriados.
  3875 | D:5      | Found a blossoming altar of Fedhas.
  3990 | D:5      | Got a pitted ring mail
  3998 | D:5      | Found a shadowy altar of Dithmenos.
  4185 | Temple   | Entered the Ecumenical Temple
  4331 | D:6      | Reached skill level 8 in Polearms
  4541 | D:6      | Learned a level 5 spell: Yara's Violent Unravelling
  4698 | D:6      | Found a sparkling altar of Nemelex Xobeh.
  4698 | D:6      | Found a sacrificial altar of Ru.
  4778 | D:6      | Reached **** piety under Lugonu
  4789 | D:6      | Reached XP level 9. HP: 63/69 MP: 13/13
  4821 | D:6      | Got a pair of smoking boots
  4827 | D:6      | Identified the +2 pair of boots of Faamiy {rF- rC- rCorr
                  | Dex+8} (You found it on level 6 of the Dungeon)
  4897 | D:7      | Reached skill level 1 in Transmutations
  4911 | D:7      | Reached skill level 9 in Polearms
  4911 | D:7      | Reached skill level 1 in Hexes
  4989 | D:7      | Found an ancient bone altar of Kikubaaqudgha.
  5062 | D:7      | Found a glowing golden altar of the Shining One.
  5064 | D:7      | Noticed Harold
  5086 | D:7      | Killed Harold
  5086 | D:7      | Reached skill level 5 in Invocations
  5335 | D:7      | Identified the +1 ring mail "Bachugoc" {rPois rF++ rC+ MR+}
                  | (You found it on level 5 of the Dungeon)
  5459 | D:7      | Noticed a troll
  5464 | D:7      | Killed a troll
  5668 | D:7      | Found a radiant altar of Vehumet.
  5710 | D:7      | Reached skill level 10 in Polearms
  5805 | D:7      | You fall through a shaft for 3 floors!
  5805 | D:10     | Entered Level 10 of the Dungeon
  5810 | D:10     | Found a staircase to the Orcish Mines.
  5811 | D:10     | Found a staircase to the Lair.
  5814 | D:10     | Noticed an oklob plant
  6065 | D:10     | Killed an oklob plant
  6065 | D:10     | Reached XP level 10. HP: 48/77 MP: 15/15
  6213 | D:8      | Noticed Grum
  6243 | D:8      | Killed Grum
  6281 | D:8      | Reached ***** piety under Lugonu
  6793 | D:7      | Found a runed door.
  6797 | D:7      | Noticed Crazy Yiuf
  6802 | D:7      | Killed Crazy Yiuf
  6833 | D:8      | Noticed a two-headed ogre
  6847 | D:8      | Killed a two-headed ogre
  6847 | D:8      | Reached skill level 11 in Polearms
  7008 | D:8      | Found a hide-covered altar of Uskayaw.
  7036 | D:8      | Noticed a +0 hand axe
  7037 | D:8      | Noticed a -1 dagger
  7157 | D:8      | Found a basalt altar of Yredelemnul.
  7287 | D:8      | Found a hazy altar of Hepliaklqana.
  7454 | D:9      | Got a scorched broad axe
  7466 | D:9      | Noticed a two-headed ogre
  7478 | D:9      | Killed a two-headed ogre
  7478 | D:9      | Reached skill level 5 in Evocations
  7478 | D:9      | Reached XP level 11. HP: 69/84 MP: 17/17
  7635 | D:9      | Noticed a two-headed ogre
  7636 | D:9      | Noticed a deep elf mage
  7639 | D:9      | Noticed a flayed ghost
  7645 | D:9      | Killed a two-headed ogre
  7648 | D:9      | HP: 3/84 [deep elf mage/stone arrow (25)]
  7652 | D:9      | Killed a deep elf mage
  7652 | D:9      | Reached skill level 5 in Transmutations
  7655 | D:9      | Slain by a flayed ghost

Vault maps used:
D:1:      enne_arrival_octagon_isle
D:2:      minmay_alternating_diamond
D:3:      grunt_qazlal_clouds, elyvilon_altar_5, old_standard_altar,
          serial_bayou_pond_a, feat_on_display
D:4:      first_ration
D:5:      nicolae_overflow_hidden_temple, nicolae_dithmenos_the_darkroom,
          temple_doors_ab, serial_shops, nicolae_shop_overgrown_old_shop,
          uniq_eustachio, uniq_pikel
D:6:      amethyst_overflow_temple_binary, minmay_checkerbox
D:7:      kennysheep_mini_moat, old_standard_altar, basic_altar,
          grunt_ogre_cave, uniq_crazy_yiuf_cottage, uniq_harold
D:8:      lemuel_crystal_altar, lemuel_coloured_pillars_altar,
          dancing_weapons_uskayaw, uniq_grum
D:9:      minmay_the_grid_four_pointed_star, uniq_erica
D:10:     dpeg_oklobed_lair, serial_shops, nicolae_shop_waterfront,
          hangedman_weighted_door, uniq_gastronok
Temple:   kb_temple_of_zot
Abyss:1:  due_exit_kobolds

Skill      XL: |  1  2  3  4  5  6  7  8  9 10 11 |
---------------+----------------------------------+-----
Dodging        | 3 4 5 6 7 8 |  8.2
Armour         | 1 2 3 4 |  4.4
Polearms       | 4 5 6 7 8 10 11 | 11.6
Fighting       | 4 5 6 7 |  7.4
Invocations    | 3 4 5 6 |  6.7
Spellcasting   | 1 2 3 4 |  4.0
Evocations     | 1 2 3 4 5 |  5.0
Transmutations | 3 4 5 |  5.0
Hexes          | 2 3 4 |  4.0

Action                   |  1- 3 |  4- 6 |  7- 9 | 10-12 || total
-------------------------+-------+-------+-------+-------++-------
Melee: Spear             |   141 |   325 |   187 |   255 ||   908
       Halberd           |       |       |    96 |    16 ||   112
 Abil: Evoke Invisibilit |       |     1 |       |       ||     1
  Use: Potion            |       |       |     1 |       ||     1
       Scroll            |       |       |    15 |       ||    15
 Stab: Sleeping          |     1 |     1 |       |       ||     2
       Invisible         |       |     3 |       |       ||     3
  Eat: Chunk             |     1 |     6 |    10 |     5 ||    22
Armor: Leather armour    |    38 |   102 |    18 |       ||   158
       Skin              |       |       |    21 |       ||    21
       Ring mail         |       |       |    12 |    43 ||    55
Dodge: Dodged            |    69 |   261 |   143 |   121 ||   594

Table legend:
 A = Non-vault XP
 B = Vault XP
 C = Vault XP percentage of total XP
 D = Non-vault monster count
 E = Vault monster count
 F = Vault count percentage of total count
                 A         B        C        D         E       F
            +---------+---------+-------+---------+---------+-------
      Total |    5338 |    5716 |  51.7 |     165 |      22 |  11.8
            +---------+---------+-------+---------+---------+-------
        D:1 |      45 |       0 |   0.0 |      25 |       0 |   0.0
        D:2 |      60 |       8 |  11.8 |      17 |       4 |  19.0
        D:3 |      76 |       0 |   0.0 |      29 |       0 |   0.0
        D:4 |     129 |       0 |   0.0 |       7 |       0 |   0.0
        D:5 |     413 |     848 |  67.2 |      15 |       2 |  11.8
        D:6 |     733 |     121 |  14.2 |      21 |       1 |   4.5
        D:7 |    1084 |    1140 |  51.3 |      22 |       3 |  12.0
        D:8 |    1853 |     656 |  26.1 |      15 |       5 |  25.0
        D:9 |     301 |    2401 |  88.9 |       5 |       6 |  54.5
       D:10 |     644 |     542 |  45.7 |       9 |       1 |  10.0
            +---------+---------+-------+---------+---------+-------
